 Dungeon Crawl Stone Soup version 0.27.0-1-g7a089689b8 (webtiles) character file.

Game seed: 16575629357138867374

354 freelancePsychic the Magician (level 6, -3/61 HPs)
             Began as a Djinni Artificer on Aug 13, 2021.
             Was an Initiate of Ru.
             Slain by an orc (5 damage)
             ... on level 4 of the Dungeon.
             The game lasted 00:07:47 (6088 turns).

freelancePsychic the Magician (Djinni Artificer)    Turns: 6088, Time: 00:07:48

Health: -3/61      AC: 23    Str: 11    XL:     6   Next: 95%
Gold:   156        EV:  2    Int: 15    God:    Ru [......] SH:  0 Dex: 13

rFire    . . .     SeeInvis .   h - +0 dagger
rCold    . . .     Faith    .   (no shield)
rNeg     + + +     Spirit   .   (armour currently unavailable)
rPois    ∞         Reflect  .   (helmet currently unavailable)
rElec    .         Harm     .   (cloak currently unavailable)
rCorr    .         Rampage  .   (gloves currently unavailable)
Will     .....     NoTele   +   (boots unavailable)
Stlth    +.........             (no amulet)
HPRegen  0.20/turn              (no ring)
MPRegen  0.00/turn              (no ring)

@: tree-form
A: stationary, stasis, torment immunity, boosted hp, sickness immunity, (fire
resistance 2), (cold vulnerability 1), float, innate caster, hp casting, extra
vitality 1, frail 1, mutation resistance 1, (electricity resistance), no potion
heal 1
a: Renounce Religion


You were on level 4 of the Dungeon.
You worshipped Ru.
Ru was noncommittal.
You were a tree.
You visited 1 branch of the dungeon, and saw 4 of its levels.

You collected 156 gold pieces.

Inventory:

Hand Weapons
 a - a +0 club
 h - a +0 dagger (weapon)
Missiles
 j - 7 boomerangs
Armour
 b - a +0 leather armour (melded)
Magical Staves
 m - a staff of poison
Wands
 c - a wand of flame (2)
 d - a wand of charming (15)
Scrolls
 l - a scroll of teleportation {unknown}
 p - a scroll of identify {@r1}
Potions
 g - a potion of berserk rage
 i - a potion of cancellation {unknown}
 k - a potion of flight
Miscellaneous
 e - a piece from Xom's chessboard (15/15)


   Skills:
 - Level 3.1 Fighting
 - Level 1.0 Armour
 - Level 2.1 Dodging
 - Level 0.7 Stealth
 * Level 4.1 Spellcasting
 - Level 3.0 Evocations


You had 10 spell levels left.
You knew the following spells:

 Your Spells              Type           Power      Damage    Failure   Level
a - Freeze                Ice            60%        1d8       3%          1
b - Searing Ray           Conj           30%        3d4       4%          2
Your spell library was empty.

Dungeon Overview and Level Annotations

Branches:
Dungeon (4/15)
 Temple: D:4-7

Altars:
Gozag
Nemelex Xobeh
Ru
Vehumet
The Shining One

Shops:
D:1 [


Innate Abilities, Weirdness & Mutations

You are a tree.
Your roots penetrate the ground, keeping you stationary.
You cannot be teleported.
You are immune to unholy pain and torment.
Your maximum health is greatly increased.
Your equipment is partially melded.
You are immune to sickness and miasma.
You are immune to poison.
((Your flesh is very heat resistant. (rF++)))
((You are vulnerable to cold. (rC-)))
You float through the air rather than walking.
You learn spells naturally, not from books.
Your magical power is your life essence.
You have superior vitality. (+4 HP)
You are frail. (-10% HP)
You are somewhat resistant to further mutation.
((You are resistant to electric shocks. (rElec)))
Potions are less effective at restoring your health.


Message History

Your Spellcasting skill increases to level 4!
You hit the orc.
You kill the orc!
The orc completely misses you. The orc hits you but does no damage.
You barely miss the orc.
The orc is severely wounded.
The orc hits you but does no damage. x2
You hit the orc.
The orc is almost dead.
The orc hits you but does no damage. x2
You closely miss the orc.
The orc is almost dead.
The orc hits you with a +0 falchion.
* * * LOW HITPOINT WARNING * * *
The orc hits you but does no damage.
You closely miss the orc.
The orc is almost dead.
The orc hits you with a +0 falchion.
* * * LOW HITPOINT WARNING * * *
The orc hits you but does no damage.
You hit the orc.
You kill the orc!
The orc hits you with a +0 flail.
* * * LOW HITPOINT WARNING * * *
An orc is nearby!
You barely miss the orc. The orc hits you but does no damage.
You closely miss the orc. The orc hits you but does no damage.
Casting: Searing Ray (safe; 4% risk of failure)
Confirm with . or Enter, or press ? or * to list all spells.
Aiming: Searing Ray (safe; 4% risk of failure)
Press: ? - help, Shift-Dir - straight line, f - orc
Aim: an orc, wielding a +0 flail (76% to hit)
The searing ray misses the orc. (Press . to maintain the ray.)
* * * LOW HITPOINT WARNING * * *
The orc hits you but does no damage.
The searing ray misses the orc.
* * * LOW HITPOINT WARNING * * *
The orc hits you with a +0 flail.
You die...

#..#
###$
#..#
#...##
#..#
...8..
#..#
.8...#
#..#
?...
#.##
#).##.#
#))#.#
#♣o.#
###.#
..#
####


You could see an orc.

Vanquished Creatures
  An orc warrior (D:4)
  2 orc priests
  A hound (D:4)
  Terence (D:2)
  An orc wizard (D:4)
  2 adders
  An adder skeleton (D:4)
  A worm (D:3)
  3 dart slugs
  5 orcs
  8 endoplasms
  8 giant cockroaches
  9 goblins
  4 hobgoblins
  7 jackals
  4 quokkas
  8 ball pythons
  6 bats
  4 frilled lizards
  3 kobolds
  2 rats
81 creatures vanquished.

Vanquished Creatures (others)
  4 fungi (D:3)
  7 plants (D:3)
11 creatures vanquished.

Grand Total: 92 creatures vanquished

Notes
Turn   | Place    | Note
-------+----------+-------------------------------------------
     0 | D:1      | freelancePsychic the Djinni Artificer began the quest for
                  | the Orb.
     0 | D:1      | Reached XP level 1. HP: 17/17 MP: 0/0
   457 | D:1      | Reached XP level 2. HP: 20/23 MP: 0/0
   647 | D:1      | Found Yhych's Armour Shop.
  1124 | D:1      | Reached XP level 3. HP: 29/29 MP: 0/0
  1124 | D:1      | Learned a level 1 spell: Freeze
  1915 | D:2      | Noticed Terence
  1932 | D:1      | Reached skill level 1 in Spellcasting
  2310 | D:2      | You are sucked into a shaft and drop 1 floor!
  2331 | D:3      | Reached XP level 4. HP: 31/35 MP: 0/0
  4237 | D:2      | Killed Terence
  4238 | D:2      | Reached skill level 2 in Spellcasting
  4238 | D:2      | Reached XP level 5. HP: 35/40 MP: 0/0
  4238 | D:2      | Learned a level 2 spell: Searing Ray
  4750 | D:3      | Found a faded altar of an unknown god.
  5212 | D:3      | Found a sparkling altar of Nemelex Xobeh.
  5212 | D:3      | Found a glowing golden altar of the Shining One.
  5702 | D:4      | Reached skill level 3 in Spellcasting
  5702 | D:4      | Reached XP level 6. HP: 32/46 MP: 0/0
  5816 | D:4      | Found a sacrificial altar of Ru.
  5824 | D:4      | Became a worshipper of Ru the Awakened
  5902 | D:4      | Found an opulent altar of Gozag.
  6060 | D:4      | Noticed an orc warrior
  6062 | D:4      | Gained mutation: You are resistant to electric shocks.
                  | (rElec) [potion of mutation]
  6062 | D:4      | Gained mutation: Potions are less effective at restoring
                  | your health. [potion of mutation]
  6062 | D:4      | Gained mutation: You are frail. (-10% HP) [potion of
                  | mutation]
  6062 | D:4      | Gained mutation: You are somewhat resistant to further
                  | mutation. [potion of mutation]
  6078 | D:4      | Killed an orc warrior
  6079 | D:4      | Reached skill level 4 in Spellcasting
  6088 | D:4      | Slain by an orc

Illustrated notes

Levels and vault maps discovered:
D:1:      dpeg_arrival_shelter, layout_loops_ring, serial_shops,
          nicolae_lakefront_shop
D:2:      layout_loops_ring, minmay_worlds_worst_comb, uniq_terence
D:3:      layout_basic, gammafunk_temple_overflow_pools,
          dreamdust_ecumenical_altar_hidden_monk_grotto,
          kennysheep_generic_room_13
D:4:      layout_cave_pods, nicolae_ru_path_of_blood,
          grunt_temple_overflow_open, moated_statue, guppyfry_early_orc_mine

Skill      XL: |  1  2  3  4  5  6 |
---------------+-------------------+-----
Fighting       | 2 3 |  3.1
Spellcasting   | 1 2 3 4 |  4.1
Armour         | |  1.0
Dodging        | |  2.1
Stealth        | |  0.7
Evocations     | |  3.0

Action                   |  1- 3 |  4- 6 || total
-------------------------+-------+-------++-------
Melee: Club              |    41 |       ||    41
       Dagger            |    45 |    35 ||    80
Throw: Boomerang         |    37 |       ||    37
 Cast: Freeze            |    21 |    70 ||    91
       Searing Ray       |       |    28 ||    28
Evoke: Wand              |    11 |     2 ||    13
  Use: Potion            |       |     4 ||     4
       Scroll            |       |     2 ||     2
 Stab: Sleeping          |     2 |       ||     2
Armor: Leather armour    |    48 |    47 ||    95
       Skin              |       |    29 ||    29
Dodge: Dodged            |    95 |    86 ||   181
